 Dungeon Crawl Stone Soup version 0.20-a0-983-g35de22d (webtiles) character file.

90 Murumi the Sneak (level 4, 0/38 HPs)
             Began as a Naga Enchanter on Apr 9, 2017.
             Was a Follower of Cheibriados.
             Slain by a hobgoblin (1 damage)
             ... led by Robin
             ... on level 2 of the Dungeon.
             The game lasted 00:10:28 (2263 turns).

Murumi the Sneak (Naga Enchanter)                   Turns: 2263, Time: 00:10:29

Health: 0/38       AC:  3    Str: 18    XL:     4   Next: 56%
Magic:  7/7        EV: 10    Int: 17    God:    Cheibriados [*.....]
Gold:   89         SH:  0    Dex: 14    Spells: 6/7 levels left

rFire    . . .     SeeInvis +   a - +1 dagger
rCold    . . .     Gourm    .   (no shield)
rNeg     . . .     Faith    .   b - +1 robe
rPois    +         Spirit   .   (no helmet)
rElec    .         Reflect  .   (no cloak)
rCorr    .         Harm     .   (no gloves)
MR       .....                  (no barding)
Stlth    +++++.....             (no amulet)
Regen    0.2/turn               f - ring of stealth
MPRegen  0.1/turn               (no ring)

@: mighty, very slow
A: see invisible, deformed body, poison resistance, slowness 2, slow metabolism
1, spit poison 1, AC +1
a: Spit Poison, Bend Time, Renounce Religion


You were on level 2 of the Dungeon.
You worshipped Cheibriados.
Cheibriados was aware of your devotion.
You were hungry.

You visited 1 branch of the dungeon, and saw 2 of its levels.

You collected 89 gold pieces.

Inventory:

Hand Weapons
 a - a +1 dagger (weapon)
Armour
 b - a +1 robe (worn)
Jewellery
 f - a ring of stealth (left hand)
Scrolls
 j - a scroll of identify
Books
 c - a book of Maledictions

   Spells                             Type                      Level
   a - Corona                         Hexes                        1
   b - Ensorcelled Hibernation        Hexes/Ice                    2
   c - Confuse                        Hexes                        3
   d - Tukima's Dance                 Hexes                        3
   e - Dazzling Spray                 Conjuration/Hexes            3
Comestibles
 d - a bread ration
 h - 2 meat rations
 i - a royal jelly


   Skills:
 - Level 1.0 Fighting
 - Level 1.0 Short Blades
 - Level 1.5 Dodging
 + Level 7.7 Stealth
 - Level 2.0 Spellcasting
 - Level 3.0 Hexes


You had 6 spell levels left.
You knew the following spells:

 Your Spells              Type           Power        Failure   Level  Hunger
a - Corona                Hex            ##.....      6%          1    #......


Dungeon Overview and Level Annotations

Branches:
Dungeon (2/15)

Altars:
Cheibriados
Yredelemnul

Annotations:
D:2 Robin


Innate Abilities, Weirdness & Mutations

You cannot wear boots.
Your serpentine skin is tough. (AC +1)
You have supernaturally acute eyesight. (SInv)
Armour fits poorly on your strangely shaped body.
Your system is resistant to poisons. (rPois)
You cover ground very slowly.
You have a slow metabolism.
You can spit poison.


Message History

The hobgoblin hits you with a club.
* * * LOW HITPOINT WARNING * * *
The goblin hits you.
* * * LOW HITPOINT WARNING * * *
The hobgoblin hits you.
* * * LOW HITPOINT WARNING * * *
You puncture the hobgoblin!
You kill the hobgoblin!
Cheibriados appreciates the change of pace.
The goblin completely misses you.
Robin points. "Kill!"
The goblin closely misses you. The hobgoblin hits you.
* * * LOW HITPOINT WARNING * * *
The hobgoblin closely misses you.
You barely miss the goblin. The goblin hits you but does no damage.
The goblin hits you.
* * * LOW HITPOINT WARNING * * *
The hobgoblin hits you but does no damage.
The hobgoblin hits you.
You die...

#.# ##≈≈..# ## #.#
#≈≈≈.. ..# #.# ##≈≈≈.
..#
#.#####≈≈#########..#
....)..≈≈#..........#
######...'..........#
#...'...[...g..#
#...'.....ggg..#
##≈≈#......@gg.#
#≈≈#########g.# ##≈≈
.... #≈≈≈ .... ##≈≈.
... ### ##


You could see 3 hobgoblins and 4 goblins.

Vanquished Creatures
  An adder (D:2)
  An ooze (D:2)
  5 dart slugs
  3 leopard geckos
  2 bats (D:1)
  3 giant cockroaches
  13 goblins
  9 hobgoblins
  3 jackals (D:2)
  4 kobolds
  A ball python (D:1)
  5 frilled lizards
  10 rats
  A spectral orc (D:2)
61 creatures vanquished.

Notes
Turn   | Place    | Note
-------+----------+-------------------------------------------
     0 | D:1      | Murumi the Naga Enchanter began the quest for the Orb.
     0 | D:1      | Reached XP level 1. HP: 15/15 MP: 3/3
    90 | D:1      | Reached skill level 5 in Stealth
   128 | D:1      | Reached XP level 2. HP: 13/24 MP: 3/5
   313 | D:1      | Reached skill level 1 in Fighting
   708 | D:1      | Reached XP level 3. HP: 25/31 MP: 6/6
   740 | D:1      | Reached skill level 6 in Stealth
  1546 | D:2      | Reached skill level 7 in Stealth
  1546 | D:2      | Reached XP level 4. HP: 38/38 MP: 7/7
  1551 | D:2      | Found a snail-covered altar of Cheibriados.
  1567 | D:2      | Became a worshipper of Cheibriados the Contemplative
  2047 | D:2      | Found a basalt altar of Yredelemnul.
  2184 | D:2      | Reached * piety under Cheibriados
  2253 | D:2      | Noticed Robin
  2263 | D:2      | HP: 1/38 [goblin[Robin] (2)]
  2263 | D:2      | Slain by a hobgoblin

Vault maps used:
D:1:      scummos_arrival_checkerplants, minmay_tromino_v4_c
D:2:      kennysheep_goblin_castle, yredelemnul_forgotten_temple_becter,
          kennysheep_slug_shrine, uniq_robin

Skill      XL: |  1  2  3 |
---------------+----------+-----
Stealth        | 5 7 |  7.7
Fighting       | 1 |  1.0
Short Blades   | |  1.0
Dodging        | |  1.5
Spellcasting   | |  2.0
Hexes          | |  3.0

Action                   |  1- 3 |  4- 6 || total
-------------------------+-------+-------++-------
Melee: Dagger            |   100 |    69 ||   169
 Cast: Corona            |     5 |       ||     5
 Abil: Spit Poison       |    19 |     3 ||    22
  Use: Scroll            |     7 |     1 ||     8
       Potion            |       |     1 ||     1
 Stab: Sleeping          |     4 |     2 ||     6
       Distracted        |     1 |     1 ||     2
  Eat: Chunk             |     2 |     2 ||     4
Armor: Robe              |    21 |    23 ||    44
Dodge: Dodged            |    72 |    43 ||   115
